TOP OF THE 1ST |
Oklahoma City Dodgers batting - Pitching for New Orleans Zephyrs : LHP Will Devitt
|
Pitching: LHP Will Devitt
|
|
Batting: LHB Frank Mullen
|
0-0: Swinging Strike 0-1: Ground out 4-3 (Groundball, 4, EV 85.6 MPH)
|
Batting: RHB Jeremy Giesler
|
0-0: Foul Ball, location: 2F 0-1: Foul Ball, location: 2F 0-2: Strikes out looking
|
Batting: RHB David Rodgers
|
0-0: Ball 1-0: Foul Ball, location: 2F 1-1: Foul Ball, location: 2F 1-2: Ground out 5-3 (Groundball, 56, EV 77.5 MPH)
|
Top of the 1st over - 0 runs, 0 hits, 0 errors, 0 left on base; Oklahoma City 0 - New Orleans 0 |
BOTTOM OF THE 1ST |
New Orleans Zephyrs batting - Pitching for Oklahoma City Dodgers : RHP Nate Allen
|
Pitching: RHP Nate Allen
|
|
Batting: RHB J.J. Barajas
|
0-0: Ball 1-0: Ball 2-0: Ball 3-0: Base on Balls
|
Batting: LHB Carlos Mosqueda
|
Pickoff Throw to First - Out! 1-3 0-0: Called Strike 0-1: SINGLE (Groundball, 3D, EV 97.5 MPH)
|
Batting: RHB Alex Gomez
|
0-0: Ball 1-0: Ball 2-0: Foul Ball, location: 2F 2-1: Swinging Strike 2-2: Fly out, F8 (Line Drive, 8RM, EV 89.4 MPH)
|
Batting: RHB Alex Ramirez
|
0-0: Called Strike 0-1: Ball 1-1: Foul Ball, location: 2F 1-2: Ball 2-2: Strikes out swinging
|
Bottom of the 1st over - 0 runs, 1 hit, 0 errors, 1 left on base; Oklahoma City 0 - New Orleans 0 |
TOP OF THE 2ND |
Oklahoma City Dodgers batting - Pitching for New Orleans Zephyrs : LHP Will Devitt
|
Batting: RHB Justin Anastasio
|
0-0: Ball 1-0: Called Strike 1-1: SINGLE (Line Drive, 9LS, EV 101.9 MPH)
|
Batting: LHB Kevin Wiebe
|
0-0: Called Strike 0-1: Ball 1-1: Ball Justin Anastasio steals 2nd base 2-1: Foul Ball, location: 2F 2-2: Fly out, F6 (Popup, 6, EV 63.1 MPH)
|
Batting: RHB Alex Mejia
|
0-0: Called Strike 0-1: Fly out, F7 (Flyball, 7LD, EV 101.2 MPH) Runner from 2nd tags up, SAFE at 3rd with throw by LF
|
Batting: LHB Dalton Silveira
|
0-0: Ground out 4-3 (Groundball, 4, EV 103.1 MPH)
|
Top of the 2nd over - 0 runs, 1 hit, 0 errors, 1 left on base; Oklahoma City 0 - New Orleans 0 |
BOTTOM OF THE 2ND |
New Orleans Zephyrs batting - Pitching for Oklahoma City Dodgers : RHP Nate Allen
|
Batting: RHB Mike Sonn
|
0-0: Ball 1-0: Called Strike 1-1: Foul Ball, location: 2F 1-2: Ball 2-2: Ground out 1-3 (Groundball, 13S, EV 73.1 MPH)
|
Batting: RHB Torquato Obawole
|
0-0: Fly out, F5 (Popup, 5SF, EV 78.8 MPH)
|
Batting: RHB Omar Contreras
|
0-0: Ball 1-0: Called Strike 1-1: Called Strike 1-2: Foul Ball, location: 2F 1-2: Strikes out looking
|
Bottom of the 2nd over - 0 runs, 0 hits, 0 errors, 0 left on base; Oklahoma City 0 - New Orleans 0 |
TOP OF THE 3RD |
Oklahoma City Dodgers batting - Pitching for New Orleans Zephyrs : LHP Will Devitt
|
Batting: RHB Shinji Aizawa
|
0-0: Called Strike 0-1: Foul Ball, location: 2F 0-2: Foul Ball, location: 2F 0-2: Ground out 6-3 (Groundball, 6, EV 85.6 MPH)
|
Batting: RHB Sean Tanner
|
0-0: Called Strike 0-1: Called Strike 0-2: Ball 1-2: Ball 2-2: Strikes out swinging
|
Batting: LHB Frank Mullen
|
0-0: Ball 1-0: Foul Ball, location: 2F 1-1: Swinging Strike 1-2: Strikes out swinging
|
Top of the 3rd over - 0 runs, 0 hits, 0 errors, 0 left on base; Oklahoma City 0 - New Orleans 0 |
BOTTOM OF THE 3RD |
New Orleans Zephyrs batting - Pitching for Oklahoma City Dodgers : RHP Nate Allen
|
Batting: LHB Adrian Young
|
0-0: Ball 1-0: Foul Ball, location: 2F 1-1: Ground out 4-3 (Groundball, 4, EV 110.6 MPH)
|
Batting: LHB Luis Aguilar
|
0-0: Called Strike 0-1: Swinging Strike 0-2: Strikes out swinging
|
Batting: RHB J.J. Barajas
|
0-0: Foul Ball, location: 2F 0-1: Called Strike 0-2: Strikes out swinging
|
Bottom of the 3rd over - 0 runs, 0 hits, 0 errors, 0 left on base; Oklahoma City 0 - New Orleans 0 |
TOP OF THE 4TH |
Oklahoma City Dodgers batting - Pitching for New Orleans Zephyrs : LHP Will Devitt
|
Batting: RHB Jeremy Giesler
|
0-0: Ball 1-0: Called Strike 1-1: Foul Ball, location: 2F 1-2: Foul Ball, location: 2F 1-2: Ball 2-2: SINGLE (Line Drive, 34, EV 96.2 MPH)
|
Batting: RHB David Rodgers
|
0-0: Ball 1-0: Foul Ball, location: 2F 1-1: Ball Jeremy Giesler is caught stealing 2nd base 2-4 2-1: Swinging Strike 2-2: Ball 3-2: SINGLE (Flyball, 8LS, EV 95.0 MPH)
|
Batting: RHB Justin Anastasio
|
0-0: Foul Ball, location: 2F 0-1: Fielders Choice at 2nd, 4-6 (Groundball, 34, EV 111.9 MPH)
|
Batting: LHB Kevin Wiebe
|
0-0: Ball 1-0: Called Strike 1-1: Ball 2-1: Called Strike 2-2: Ball Justin Anastasio steals 2nd base (no throw) 3-2: Fly out, F7 (Flyball, 7LM, EV 90.6 MPH)
|
Top of the 4th over - 0 runs, 2 hits, 0 errors, 1 left on base; Oklahoma City 0 - New Orleans 0 |
BOTTOM OF THE 4TH |
New Orleans Zephyrs batting - Pitching for Oklahoma City Dodgers : RHP Nate Allen
|
Batting: LHB Carlos Mosqueda
|
0-0: Ball 1-0: Ground out 4-3 (Groundball, 4M, EV 93.8 MPH)
|
Batting: RHB Alex Gomez
|
0-0: Ball 1-0: Ball 2-0: SOLO HOME RUN (Flyball, 7D, EV 100.0 MPH) (Inside the Park)
|
Batting: RHB Alex Ramirez
|
0-0: Ball 1-0: Ball 2-0: Ball 3-0: Base on Balls
|
Batting: RHB Mike Sonn
|
0-0: Fly out, F8 (Flyball, 8LXD, EV 98.8 MPH)
|
Batting: RHB Torquato Obawole
|
0-0: Called Strike 0-1: Ball 1-1: Swinging Strike 1-2: Strikes out swinging
|
Bottom of the 4th over - 1 run, 1 hit, 0 errors, 1 left on base; Oklahoma City 0 - New Orleans 1 |
TOP OF THE 5TH |
Oklahoma City Dodgers batting - Pitching for New Orleans Zephyrs : LHP Will Devitt
|
Batting: RHB Alex Mejia
|
0-0: Ball 1-0: Called Strike 1-1: Ball 2-1: Ground out U3 (Groundball, 3, EV 83.1 MPH)
|
Batting: LHB Dalton Silveira
|
0-0: Called Strike 0-1: Swinging Strike 0-2: Ball 1-2: Ball 2-2: SINGLE (Line Drive, 8LS, EV 95.0 MPH)
|
Batting: RHB Shinji Aizawa
|
0-0: Called Strike 0-1: Ball Dalton Silveira steals 2nd base 1-1: Ball 2-1: Swinging Strike 2-2: Foul Ball, location: 2F 2-2: Foul Ball, location: 2F 2-2: Foul Ball, location: 2F 2-2: Ball 3-2: Base on Balls
|
Batting: RHB Sean Tanner
|
0-0: Ball 1-0: Ball Dalton Silveira steals 3rd base Shinji Aizawa to second 2-0: Ball 3-0: Called Strike 3-1: Foul Ball, location: 2F 3-2: Base on Balls
|
Batting: LHB Frank Mullen
|
0-0: Ball 1-0: Swinging Strike 1-1: Foul Ball, location: 2F 1-2: Ball 2-2: Ball 3-2: Foul Ball, location: 2F 3-2: SINGLE (Groundball, 4D, EV 98.1 MPH) Dalton Silveira scores Shinji Aizawa to third Sean Tanner to second
|
Pitching: RHP Campbell Wagenmakers
|
|
Pinch Hitting: LHB Jim Chalk
|
0-0: Called Strike 0-1: Ball 1-1: Ball 2-1: Foul Ball, location: 2F 2-2: Foul Ball, location: 2F 2-2: SINGLE (Groundball, 4MD, EV 97.5 MPH) Shinji Aizawa scores Sean Tanner to third Frank Mullen to second
|
Batting: RHB David Rodgers
|
0-0: Called Strike 0-1: Ball 1-1: Called Strike 1-2: Foul Ball, location: 2F 1-2: Foul Ball, location: 2F 1-2: Ball 2-2: Foul Ball, location: 2F 2-2: Ball 3-2: Grounds into fielders choice 4-2 (Groundball, 4, EV 93.8 MPH) Frank Mullen to third Jim Chalk to second
|
Batting: RHB Justin Anastasio
|
0-0: Called Strike 0-1: SINGLE (Line Drive, 6D, EV 105.6 MPH) Frank Mullen scores Jim Chalk to third David Rodgers to second
|
Batting: LHB Kevin Wiebe
|
0-0: Ball 1-0: Swinging Strike 1-1: Fly out, F6 (Flyball, 6MD, EV 87.5 MPH)
|
Top of the 5th over - 3 runs, 4 hits, 0 errors, 3 left on base; Oklahoma City 3 - New Orleans 1 |
BOTTOM OF THE 5TH |
New Orleans Zephyrs batting - Pitching for Oklahoma City Dodgers : RHP Nate Allen
|
Now in CF: Alex Mejia
|
|
Now in RF: Blake Beale
|
|
Batting: RHB Omar Contreras
|
0-0: Ground out 5-3 (Groundball, 5, EV 87.5 MPH)
|
Batting: LHB Adrian Young
|
0-0: Swinging Strike 0-1: Swinging Strike 0-2: Ball 1-2: Ground out 4-3 (Groundball, 4MS, EV 90.0 MPH)
|
Batting: LHB Luis Aguilar
|
0-0: Called Strike 0-1: Hit by Pitch
|
Batting: RHB J.J. Barajas
|
0-0: Ball Luis Aguilar steals 2nd base (no throw) 1-0: Foul Ball, location: 2F 1-1: Ball 2-1: Swinging Strike 2-2: Ball 3-2: Foul Ball, location: 2F 3-2: Base on Balls
|
Batting: LHB Carlos Mosqueda
|
0-0: Called Strike 0-1: Ball 1-1: Foul Ball, location: 2F 1-2: Fly out, F4 (Line Drive, 4, EV 68.8 MPH)
|
Bottom of the 5th over - 0 runs, 0 hits, 0 errors, 2 left on base; Oklahoma City 3 - New Orleans 1 |
TOP OF THE 6TH |
Oklahoma City Dodgers batting - Pitching for New Orleans Zephyrs : RHP Campbell Wagenmakers
|
Batting: RHB Alex Mejia
|
0-0: Ball 1-0: Ball 2-0: Called Strike 2-1: Foul Ball, location: 2F 2-2: SINGLE (Groundball, 5D, EV 105.6 MPH)
|
Batting: LHB Dalton Silveira
|
0-0: Ball Alex Mejia steals 2nd base 1-0: Ball 2-0: Called Strike 2-1: SINGLE (Groundball, 4S, EV 63.1 MPH) (infield hit) Alex Mejia to third
|
Batting: RHB Shinji Aizawa
|
0-0: Ball Dalton Silveira is caught stealing 2nd base 2-4 1-0: Foul Ball, location: 2F 1-1: Foul Ball, location: 2F 1-2: Ball 2-2: Foul Ball, location: 2F 2-2: Foul Ball, location: 2F 2-2: Foul Ball, location: 2F 2-2: DOUBLE (Line Drive, 78XD, EV 108.8 MPH) Alex Mejia scores
|
Pitching: RHP Al Mendoza
|
|
Batting: RHB Sean Tanner
|
0-0: Called Strike 0-1: Ball 1-1: Swinging Strike 1-2: Strikes out looking
|
Batting: LHB Frank Mullen
|
0-0: Foul Ball, location: 2F 0-1: Ball 1-1: Called Strike 1-2: Strikes out swinging
|
Top of the 6th over - 1 run, 3 hits, 0 errors, 1 left on base; Oklahoma City 4 - New Orleans 1 |
BOTTOM OF THE 6TH |
New Orleans Zephyrs batting - Pitching for Oklahoma City Dodgers : RHP Nate Allen
|
Batting: RHB Alex Gomez
|
0-0: Ball 1-0: Called Strike 1-1: Swinging Strike 1-2: Strikes out looking
|
Batting: RHB Alex Ramirez
|
0-0: SINGLE (Flyball, 56D, EV 91.9 MPH)
|
Batting: RHB Mike Sonn
|
Pickoff Throw to First - Out! 1-3 0-0: Swinging Strike 0-1: Ball 1-1: Ground out 6-3 (Groundball, 56, EV 109.4 MPH)
|
Bottom of the 6th over - 0 runs, 1 hit, 0 errors, 0 left on base; Oklahoma City 4 - New Orleans 1 |
TOP OF THE 7TH |
Oklahoma City Dodgers batting - Pitching for New Orleans Zephyrs : RHP Al Mendoza
|
DELAY
|
Rain delay of 33 minutes in the 7th inning.
|
Batting: RHB Blake Beale
|
0-0: Foul Ball, location: 2F 0-1: Called Strike 0-2: Fly out, F7 (Flyball, 7D, EV 104.4 MPH)
|
Batting: RHB David Rodgers
|
0-0: Ball 1-0: Called Strike 1-1: Called Strike 1-2: Fly out, F2 (Popup, 25F, EV 79.4 MPH)
|
Batting: RHB Justin Anastasio
|
0-0: Ground out 6-3 (Groundball, 56, EV 106.2 MPH)
|
Top of the 7th over - 0 runs, 0 hits, 0 errors, 0 left on base; Oklahoma City 4 - New Orleans 1 |
BOTTOM OF THE 7TH |
New Orleans Zephyrs batting - Pitching for Oklahoma City Dodgers : RHP Nate Allen
|
Batting: RHB Torquato Obawole
|
0-0: Swinging Strike 0-1: Foul Ball, location: 2F 0-2: Strikes out swinging, 2-3 out at first.
|
Batting: RHB Omar Contreras
|
0-0: Called Strike 0-1: Ball 1-1: Foul Ball, location: 2F 1-2: Ground out 4-3 (Groundball, 4S, EV 87.5 MPH)
|
Batting: LHB Adrian Young
|
0-0: Foul Ball, location: 2F 0-1: SINGLE (Line Drive, 6MD, EV 103.1 MPH)
|
Pitching: LHP Chris Mobley
|
|
Batting: LHB Luis Aguilar
|
0-0: Ball 1-0: Foul Ball, location: 2F 1-1: Ball 2-1: Foul Ball, location: 2F 2-2: Foul Ball, location: 2F 2-2: Strikes out looking
|
Bottom of the 7th over - 0 runs, 1 hit, 0 errors, 1 left on base; Oklahoma City 4 - New Orleans 1 |
TOP OF THE 8TH |
Oklahoma City Dodgers batting - Pitching for New Orleans Zephyrs : RHP Al Mendoza
|
Pitching: LHP Mark Palomo
|
|
Batting: LHB Kevin Wiebe
|
0-0: Ball 1-0: Ball 2-0: DOUBLE (Flyball, 89D, EV 88.8 MPH)
|
Batting: RHB Alex Mejia
|
0-0: Intentional Walk
|
Batting: LHB Dalton Silveira
|
0-0: Foul Ball, location: 2F 0-1: Bunt - Flyout to 3S - DP at third! 3-4
|
Batting: RHB Shinji Aizawa
|
0-0: Ball 1-0: Called Strike 1-1: Foul Ball, location: 2F 1-2: Foul Ball, location: 2F 1-2: Foul Ball, location: 2F 1-2: Ball 2-2: Ball 3-2: Foul Ball, location: 2F 3-2: Ground out 2-3 (Groundball, 2L, EV 66.2 MPH)
|
Top of the 8th over - 0 runs, 1 hit, 0 errors, 1 left on base; Oklahoma City 4 - New Orleans 1 |
BOTTOM OF THE 8TH |
New Orleans Zephyrs batting - Pitching for Oklahoma City Dodgers : LHP Chris Mobley
|
Pitching: RHP Jake Milligan
|
|
Batting: RHB J.J. Barajas
|
0-0: Foul Ball, location: 2F 0-1: Ball 1-1: Ball 2-1: Ball 3-1: Called Strike 3-2: Base on Balls
|
Batting: LHB Carlos Mosqueda
|
0-0: Ball 1-0: Ball 2-0: Ball 3-0: Base on Balls J.J. Barajas to second
|
Batting: RHB Alex Gomez
|
0-0: Ball 1-0: Called Strike 1-1: Called Strike 1-2: Foul Ball, location: 2F 1-2: Ball 2-2: Strikes out swinging
|
Batting: RHB Alex Ramirez
|
0-0: Called Strike 0-1: SINGLE (Line Drive, 56D, EV 101.9 MPH) J.J. Barajas to third Carlos Mosqueda to second
|
Batting: RHB Mike Sonn
|
0-0: Ball 1-0: Grounds into fielders choice 6-2 (Groundball, 6, EV 81.2 MPH) Carlos Mosqueda to third Alex Ramirez to second
|
Batting: RHB Torquato Obawole
|
0-0: Ball 1-0: Ball 2-0: Ball 3-0: Called Strike 3-1: Base on Balls Carlos Mosqueda scores Alex Ramirez to third Mike Sonn to second
|
Batting: RHB Omar Contreras
|
0-0: Ball 1-0: Called Strike 1-1: Swinging Strike 1-2: Ball 2-2: Foul Ball, location: 2F 2-2: Strikes out looking
|
Bottom of the 8th over - 1 run, 1 hit, 0 errors, 3 left on base; Oklahoma City 4 - New Orleans 2 |
TOP OF THE 9TH |
Oklahoma City Dodgers batting - Pitching for New Orleans Zephyrs : LHP Mark Palomo
|
Pitching: RHP Alex Garza
|
|
Pinch Hitting: LHB Alberto Chavez
|
0-0: Called Strike 0-1: Ball 1-1: SINGLE (Groundball, 4MD, EV 106.9 MPH)
|
Batting: LHB Frank Mullen
|
0-0: Foul Ball, location: 2F 0-1: Ball 1-1: Ball 2-1: Ball 3-1: Foul Ball, location: 2F 3-2: SINGLE (Groundball, 13, EV 84.4 MPH) (infield hit) Alberto Chavez to second
|
Batting: RHB Blake Beale
|
0-0: SINGLE (Flyball, 34D, EV 91.9 MPH) Alberto Chavez to third Frank Mullen to second
|
Batting: RHB David Rodgers
|
0-0: Called Strike 0-1: Ball 1-1: Ball 2-1: Foul Ball, location: 2F 2-2: Reached on error, E6 (Groundball, 6, EV 91.2 MPH) Alberto Chavez scores Frank Mullen to third Blake Beale to second
|
Batting: RHB Justin Anastasio
|
0-0: Ball 1-0: Swinging Strike 1-1: Ball 2-1: Called Strike 2-2: Fly out, F3 (Popup, 3, EV 70.0 MPH)
|
Batting: LHB Kevin Wiebe
|
0-0: Foul Ball, location: 2F 0-1: Foul Ball, location: 2F 0-2: SINGLE (Flyball, 8RXD, EV 104.4 MPH) Frank Mullen scores Blake Beale to third David Rodgers to second Runner from 3rd tries for Home, SAFE, throw by CF to trailing runner, SAFE at third!
|
Pitching: RHP Giampaolo Nobile
|
|
Batting: RHB Alex Mejia
|
0-0: Ball 1-0: Swinging Strike 1-1: Called Strike 1-2: Strikes out swinging
|
Batting: LHB Dalton Silveira
|
0-0: Foul Ball, location: 2F 0-1: Ball 1-1: Foul Ball, location: 2F 1-2: Ball 2-2: Foul Ball, location: 2F 2-2: Strikes out looking
|
Top of the 9th over - 3 runs, 4 hits, 1 error, 2 left on base; Oklahoma City 7 - New Orleans 2 |
BOTTOM OF THE 9TH |
New Orleans Zephyrs batting - Pitching for Oklahoma City Dodgers : RHP Jake Milligan
|
Now at C: Josh Kimbrell
|
|
Batting: LHB Adrian Young
|
0-0: Ball 1-0: Ball 2-0: Ball 3-0: Called Strike 3-1: Base on Balls
|
Pitching: RHP J.J. Riley
|
|
Batting: LHB Luis Aguilar
|
0-0: Ball 1-0: Swinging Strike 1-1: Foul Ball, location: 2F 1-2: Strikes out swinging
|
Batting: RHB J.J. Barajas
|
0-0: Ball 1-0: Ball 2-0: Called Strike 2-1: Ball 3-1: Called Strike 3-2: Foul Ball, location: 2F 3-2: Strikes out swinging
|
Batting: LHB Carlos Mosqueda
|
0-0: Ball 1-0: Foul Ball, location: 2F 1-1: Fly out, F8 (Flyball, 78S, EV 90.6 MPH)
|
Bottom of the 9th over - 0 runs, 0 hits, 0 errors, 1 left on base; Oklahoma City 7 - New Orleans 2 |
|